 Dungeon Crawl Stone Soup version 0.21.1-1-g345015f (webtiles) character file.

445 wilfster70 the Chopper (level 7, 0/61 HPs)
             Began as a Hill Orc Monk on July 6, 2018.
             Succumbed to an orc wizard's poison
             ... on level 4 of the Dungeon.
             The game lasted 00:15:18 (5778 turns).

wilfster70 the Chopper (Hill Orc Monk)              Turns: 5778, Time: 00:15:19

Health: 0/61       AC: 14    Str: 16    XL:     7   Next: 3%
Magic:  7/7        EV:  8    Int: 10    God:
Gold:   211        SH:  0    Dex: 13    Spells: 6/6 levels left

rFire    . . .     SeeInvis .   a - +0 hand axe
rCold    + . .     Gourm    .   (no shield)
rNeg     . . .     Faith    .   t - +5 chain mail {rC+}
rPois    .         Spirit   .   (no helmet)
rElec    .         Reflect  .   (no cloak)
rCorr    .         Harm     .   (no gloves)
MR       .....                  (no boots)
Stlth    ..........             (no amulet)
HPRegen  0.20/turn              (no ring)
MPRegen  0.10/turn              (no ring)

@: lethally poisoned (0 -> -39), slowed, very slow
A: no striking features
a: no special abilities


You were on level 4 of the Dungeon.
You were hungry.

You visited 1 branch of the dungeon, and saw 4 of its levels.

You collected 211 gold pieces.

Inventory:

Hand Weapons
 a - a +0 hand axe (weapon)
 b - a +2 hunting sling of flaming
 w - a +1 mace of holy wrath
Missiles
 e - 28 sling bullets
 g - 112 stones (quivered)
Armour
 t - a +5 chain mail of cold resistance (worn)
Scrolls
 d - a scroll of teleportation
 i - 3 scrolls of remove curse
Potions
 f - 2 potions of curing
 h - 2 potions of flight {unknown}
 j - a potion of brilliance {unknown}
 k - a potion of cancellation
 n - 2 potions of resistance
 p - a potion of might
 q - a potion of lignification
Comestibles
 c - 7 rations
 r - 4 chunks of flesh


   Skills:
 - Level 5.0 Fighting
 - Level 6.6 Axes
 * Level 4.2 Armour
 + Level 3.3 Dodging
 - Level 1.5 Stealth


You had 6 spell levels left.
You didn't know any spells.

Dungeon Overview and Level Annotations

Branches:
Dungeon (4/15)
 Temple: D:4-7

Altars:
Dithmenos
Uskayaw


Message History

* * * LOW HITPOINT WARNING * * *
The orc wizard hits you but does no damage. x2
You are more poisoned.
The orc wizard hits you but does no damage. x2
You hit the orc wizard.
The orc wizard is almost dead.
You hit the orc wizard but do no damage.
* * * LOW HITPOINT WARNING * * *
You feel very sick.
The orc wizard is no longer moving quickly.
The orc wizard hits you but does no damage.
The orc wizard casts a spell at you. The magic dart hits you!
The orc wizard gestures wildly while chanting.
The orc wizard blinks!
The orc wizard hits you but does no damage.
You are more poisoned.
You miss the orc wizard.
The orc wizard is almost dead.
You die...

###............#.#.#
# ####............. #
#.#.....#..# #
#......##....#####
#..##>####.........
..[ ...........##...
# $. ####..>..$.....#
..# #
#.....!.#####o...# .
.........o{o@ยง.....#
.
.....>....##########
# ###.......#
#....$..# #...../.#
#.$.....# #########


You could see 2 orc wizards and an orc.

Vanquished Creatures
  An ogre (D:4)
  A hound (D:4)
  3 orc wizards
  Natasha (twice) (D:2)
  A worker ant (D:4)
  7 adders
  2 oozes
  4 worms
  2 dart slugs
  A leopard gecko (D:4)
  6 orcs
  2 ball pythons
  4 giant cockroaches
  7 goblins
  7 hobgoblins
  7 jackals
  13 kobolds
  4 quokkas
  10 bats
  5 frilled lizards
  10 rats
99 creatures vanquished.

Vanquished Creatures (others)
  An orc wizard (D:4)
  An orc (D:3)
2 creatures vanquished.

Grand Total: 101 creatures vanquished

Notes
Turn   | Place    | Note
-------+----------+-------------------------------------------
     0 | D:1      | wilfster70 the Hill Orc Monk began the quest for the Orb.
     0 | D:1      | Reached XP level 1. HP: 19/19 MP: 1/1
   379 | D:1      | Reached XP level 2. HP: 15/27 MP: 2/2
  1179 | D:1      | Reached skill level 5 in Axes
  1179 | D:1      | Reached XP level 3. HP: 12/33 MP: 3/3
  1708 | D:2      | Noticed Natasha
  1737 | D:2      | Killed Natasha
  1737 | D:2      | Reached XP level 4. HP: 10/41 MP: 4/4
  1741 | D:2      | Reached skill level 6 in Axes
  2660 | D:2      | Noticed Natasha
  2685 | D:2      | Killed Natasha
  2685 | D:2      | Reached XP level 5. HP: 13/47 MP: 5/5
  3023 | D:2      | Reached skill level 5 in Fighting
  3405 | D:2      | Found a hide-covered altar of Uskayaw.
  3531 | D:3      | Reached skill level 1 in Armour
  3731 | D:3      | Found a faded altar of an unknown god.
  4082 | D:3      | Found a shadowy altar of Dithmenos.
  4731 | D:3      | Reached XP level 6. HP: 48/56 MP: 6/6
  5671 | D:4      | Reached XP level 7. HP: 55/61 MP: 7/7
  5778 | D:4      | Succumbed to an orc wizard's poison

Skill      XL: |  1  2  3  4  5  6 |
---------------+-------------------+-----
Fighting       | 4 5 |  5.0
Axes           | 5 6 |  6.6
Armour         | 2 4 |  4.2
Dodging        | 3 |  3.3
Stealth        | |  1.5

Action                   |  1- 3 |  4- 6 |  7- 9 || total
-------------------------+-------+-------+-------++-------
Melee: Hand axe          |    94 |   339 |    17 ||   450
  Use: Potion            |     1 |       |       ||     1
       Scroll            |       |    15 |       ||    15
  Eat: Chunk             |     2 |    13 |       ||    15
Armor: Leather armour    |     4 |       |       ||     4
       Ring mail         |    48 |    36 |       ||    84
       Skin              |    13 |    10 |       ||    23
       Chain mail        |       |    97 |    26 ||   123
Dodge: Dodged            |    77 |   146 |    11 ||   234
